 Dungeon Crawl Stone Soup version 0.31.0-11-ge490571c62 (webtiles) character file.

Game seed: 11197337570008209049

14 javelincjr the Changeling (level 2, -3/21 HPs)
             Began as a Demonspawn Shapeshifter on Jan 31, 2024.
             Slain by a hobgoblin (4 damage)
             ... on level 1 of the Dungeon.
             The game lasted 00:00:58 (196 turns).

javelincjr the Changeling (Demonspawn Shapeshifter)  Turns: 196, Time: 00:00:58

Health: -3/21      AC:  2    Str: 11 (14) XL:     2   Next: 27%
Magic:  2/2        EV: 12    Int:  9 (10) God:
Gold:   30         SH:  0    Dex:  9 (12) Spells: 1/1 levels left

rFire   . .          .
                       - Unarmed
rCold   . . .        (no shield)
rNeg    . . .        a - +0 animal skin
rPois   .            (helmet currently unavailable)
rElec   .            (cloak currently unavailable)
rCorr   .            (gloves currently unavailable)
SInv    .            (boots currently unavailable)
Will    .....        (no amulet)
Stlth   +            (no ring)
HPRegen 0.23/turn    (no ring)
MPRegen 0.08/turn

%: no passive effects
@: mighty, beast-form
A: beast (slay +1), powered by death 1
a: Begin Untransformation


You were on level 1 of the Dungeon.
You were a hulking beast.
You visited 1 branch of the dungeon, and saw 1 of its levels.

You collected 30 gold pieces.

Inventory:

Missiles
 f - 3 boomerangs (quivered)
Armour
 a - a +0 animal skin (worn)
Talismans
 c - a beast talisman
 d - a flux talisman
Scrolls
 h - a scroll of identify {unknown}
Potions
 b - a potion of lignification


   Skills:
 + Level 1.3 Fighting
 + Level 2.0 Dodging
 + Level 2.8 Unarmed Combat
 * Level 2.9 Shapeshifting


You had one spell level left.
You didn't know any spells.
Your spell library was empty.

Dungeon Overview and Level Annotations

Branches:
Dungeon (1/15)

Altars:


Innate Abilities, Weirdness & Mutations

You are a hulking beast.
Your limbs bulge with bestial killing power. (Slay +1)
You regenerate a little health from kills.


Message History

You see here 11 gold pieces.
A giant cockroach comes into view.
The rat closely misses you. The bat closely misses you.
You closely miss the bat. The bat hits you. The rat barely misses you.
You barely miss the rat. You punch the rat.
The rat is severely wounded.
The rat barely misses you. The bat hits you but does no damage.
You hit the rat.
You kill the rat!
The bat completely misses you. The bat hits you. The hobgoblin hits you.
You hit the endoplasm.
The endoplasm is heavily wounded.
The bat hits you but does no damage. The hobgoblin barely misses you.
The endoplasm freezes you.
You are frozen.
You hit the endoplasm.
You kill the endoplasm!
The bat hits you. The bat hits you but does no damage.
The giant cockroach closely misses you. The hobgoblin closely misses you.
You hit the giant cockroach but do no damage.
The bat closely misses you. The giant cockroach closely misses you.
The hobgoblin hits you.
The hobgoblin attacks as it pursues you!
The hobgoblin hits you.
* * * LOW HITPOINT WARNING * * *
You barely miss the hobgoblin. The bat barely misses you.
The giant cockroach misses you. The hobgoblin hits you.
* * * LOW HITPOINT WARNING * * *
The giant cockroach bites you.
* * * LOW HITPOINT WARNING * * *
It was a potion of might.
You feel very mighty all of a sudden. The bat barely misses you.
The giant cockroach bites you but does no damage.
The hobgoblin misses you.
It was a potion of degeneration.
There was something very wrong with that liquid.
You feel weakened.
You feel dopey.
You feel clumsy. The giant cockroach misses you. The hobgoblin hits you.
You die...

.....# #.##..### #.#
....## #.....'.# ...
...## ####..#####.# #####
#####.....).# . #...###
...^.......#.# ..
......##...........# .#
.......#...........# ..#
.......#........b..#...#
.......#........hg...###.
......###########B..$....
#...### #......†..#####
##### #.........#
#.........# #.........#
#.........# #.........#
#.........#


You could see a giant cockroach, a hobgoblin and a bat.

Vanquished Creatures
  2 ball pythons (D:1)
  An endoplasm (D:1)
  A giant cockroach (D:1)
  A goblin (D:1)
  A hobgoblin (D:1)
  A quokka (D:1)
  A bat (D:1)
  6 rats (D:1)
14 creatures vanquished.

Notes
Turn   | Place    | Note
-------+----------+-------------------------------------------
     0 | D:1      | javelincjr the Demonspawn Shapeshifter began the quest for
                  | the Orb.
     0 | D:1      | Reached XP level 1. HP: 15/15 MP: 1/1
   157 | D:1      | Gained mutation: You regenerate a little health from kills.
                  | [demonic ancestry]
   157 | D:1      | Reached XP level 2. HP: 21/21 MP: 2/2
   194 | D:1      | HP: 1/21 [giant cockroach (1)]
   196 | D:1      | Slain by a hobgoblin

Illustrated notes

Levels and vault maps discovered:
D:1:      dpeg_arrival_three_bigger_balls, layout_basic, minmay_rat_gold_closets

Skill      XL: |  1  2 |
---------------+-------+-----
Dodging        | 2 |  2.0
Fighting       | |  1.3
Unarmed Combat | |  2.8
Shapeshifting  | |  2.9

Action                     || total
---------------------------++-------
  Melee: Unarmed           ||    33
         Punch             ||     2
  Throw: Boomerang         ||     9
    Use: Potion            ||     2
   Stab: Sleeping          ||     1
 Armour: Animal skin       ||    20
  Dodge: Dodged            ||    42
